 Dungeon Crawl Stone Soup version 0.30-a0-610-gb513c0a51f (webtiles) character file.

Game seed: 17001349859591251968

2917 BaabKaare the Ruffian (level 9, 0/68 HPs)
             Began as a Purple Draconian Transmuter on Jan 8, 2023.
             Was a Priest of Vehumet.
             Slain by a killer bee (6 damage)
             ... on level 7 of the Dungeon.
             The game lasted 00:48:08 (6885 turns).

BaabKaare the Ruffian (Purple Draconian Transmuter) Turns: 6885, Time: 00:48:09

Health: 0/68       AC:  6    Str: 17    XL:     9   Next: 50%
Magic:  17/18      EV: 21    Int: 13    God:    Vehumet [***...]
Gold:   384        SH:  0    Dex: 17    Spells: 3/20 levels left

rFire   . . .      SeeInvis .      - Unarmed
rCold   . . .      Faith    .    (shield currently unavailable)
rNeg    . . .      Spirit   .    (body armour unavailable)
rPois   x          Reflect  .    (helmet currently unavailable)
rElec   .          Harm     .    (cloak currently unavailable)
rCorr   .          Rampage  .    (gloves currently unavailable)
Will    +....      Rage     3%   (boots currently unavailable)
Stlth   ++                       (no amulet)
HPRegen 0.31/turn                i - +4 ring of protection
MPRegen 0.16/turn                A - ring of wizardry

@: lethally poisoned (0 -> -20), spider-form
A: venomous fangs, (breathe power), AC +7, tiny, unfitting armour,
(cold-blooded), berserk 1
a: End Transformation, Renounce Religion


You were on level 7 of the Dungeon.
You worshipped Vehumet.
Vehumet was most pleased with you.
You were a venomous arachnid creature.
You visited 2 branches of the dungeon, and saw 9 of its levels.

You collected 384 gold pieces.

Inventory:

Hand Weapons
 q - a +4 flail of holy wrath (melded)
 v - the +3 hand axe "Agoiviji" {flame, rElec rPois Str+7 Dex-5}
   (You took it off an orc priest on level 5 of the Dungeon)

   Str:       It affects your strength (+7).
   Dex:       It affects your dexterity (-5).
   rElec:     It insulates you from electricity.
   rPois:     It protects you from poison.
 D - a +0 dagger
 F - a +4 quarterstaff of chaos
Missiles
 n - 3 throwing nets
Armour
 e - a +0 pair of gloves (melded)
 l - a +1 pair of boots (melded)
 r - a +2 chain mail of cold resistance
Jewellery
 c - a ring of poison resistance
 i - a +4 ring of protection (left front pincers)
 A - a ring of wizardry (right front pincers)
 C - a +4 ring of protection
 E - a ring of wizardry
Wands
 t - a wand of flame (13)
 w - a wand of paralysis (4)
Scrolls
 f - 3 scrolls of enchant weapon
 h - 3 scrolls of fog
 k - 2 scrolls of magic mapping
 o - a scroll of noise
 s - a scroll of silence {unknown}
 u - 4 scrolls of immolation
 y - a scroll of amnesia {unknown}
 B - a scroll of identify
Potions
 a - a potion of lignification
 b - a potion of cancellation {unknown}
 d - 2 potions of mutation {unknown}
 j - a potion of attraction {unknown}
 m - 2 potions of brilliance
 p - a potion of invisibility {unknown}
 x - a potion of curing
 z - a potion of degeneration {unknown}


   Skills:
 + Level 2.6 Fighting
 + Level 1.0 Maces & Flails
 + Level 4.4 Dodging
 + Level 3.2 Stealth
 + Level 7.8 Unarmed Combat
 + Level 6.2 Spellcasting
 + Level 5.4 Transmutations
 + Level 0.4 Ice Magic
 * Level 5.1 Poison Magic


You had 3 spell levels left.
You knew the following spells:

 Your Spells              Type           Power      Damage    Failure   Level
a - Beastly Appendage     Tmut           36%        N/A       3%          1
b - Wereblood             Tmut           18%        N/A       4%          2
c - Spider Form           Tmut/Pois      17%        N/A       7%          3
d - Ice Form              Ice/Tmut       11%        N/A       32%         4
e - Olgreb's Toxic Radia  Pois           17%        N/A       5%          4
f - Ignite Poison         Fire/Tmut/Pois 13%        N/A       3%          3

Your spell library contained the following spells:

 Spells                   Type           Power      Damage    Failure   Level
 Cigotuvi's Dreadful Rot  Necr/Pois/Air  16%        N/A       12%         2
 Sticky Flame             Conj/Fire      4%         2d3       26%         4
 Dispel Undead            Necr           4%         3d7       69%         4
 Death Channel            Necr           2%         N/A       100%        6
 Ignition                 Fire           2%         3d3       100%        8


Dungeon Overview and Level Annotations

Branches:
Dungeon (8/15)             Temple (1/1) D:4
   Lair: D:8-11

Altars:
Ashenzari
Dithmenos
Elyvilon
Fedhas
Gozag
Hepliaklqana
Kikubaaqudgha
Makhleb
Okawaru
Qazlal
Ru
Sif Muna
Trog
Uskayaw
Vehumet
Wu Jian
Xom
Yredelemnul
Zin
The Shining One

Shops:
D:1 !   D:5 (


Innate Abilities, Weirdness & Mutations

You are a venomous arachnid creature.
You have venomous fangs.
You are tiny and dextrous.
Your spellcasting is less reliable in this form.
Your armour is entirely melded.
You are incapable of wielding weapons or throwing items.
((You can breathe bolts of dispelling energy.))
((Your rich purple scales are hard. (AC +7)))
You cannot fit into any form of body armour.
((You are cold-blooded and may be slowed by cold attacks.))
You sometimes lose your temper in combat.


Message History

You climb downwards.
You feel very sick. The killer bee closely misses you.
The killer bee completely misses you.
The killer bee stings you but does no damage.
The killer bee completely misses you. The killer bee closely misses you.
There is a stone staircase leading up here.
You closely miss the killer bee.
You feel sick.
The killer bee buzzes angrily. x2
The killer bee closely misses you. The killer bee completely misses you.
The killer bee stings you. The killer bee barely misses you.
The killer bee stings you but does no damage.
You bite the killer bee!
The killer bee is poisoned.
The killer bee is heavily wounded.
You feel sick. The killer bee misses you. The killer bee closely misses you.
The killer bee stings you. The killer bee stings you!
You are more poisoned.
The killer bee poisons you! The killer bee completely misses you.
The killer bee misses you. x2; The killer bee barely misses you.
You feel very sick. The killer bee completely misses you.
The killer bee barely misses you. The killer bee completely misses you.
The killer bee closely misses you. The killer bee stings you.
You are lethally poisoned!
The killer bee poisons you! The killer bee barely misses you.
The killer bee completely misses you. The killer bee closely misses you.
You climb upwards.
* * * LOW HITPOINT WARNING * * *
You feel extremely sick.
There is a stone staircase leading down here.
Okay, then.
As you read the scroll of summoning, it crumbles to dust.
Wisps of shadow whirl around you...
* * * LOW HITPOINT WARNING * * *
You feel very sick.
You kill the killer bee!
Vehumet accepts your kill.
You feel your power returning. The killer bee misses you.
The killer bee barely misses your gnoll bouda.
The killer bee stings you.
You die...

###..# #....# #.#######.#
####.###....####.# #.#
..###.###...##.#.# #.#
#.###........#.#.## #.#
#..#########.#....######.#
#..# #.#g.#gg......# ...#
#.##Ygy######## ##.#
#.###y## ##.# #######.#
#s# ##.###.#.[...# #y#
##.......###.# #.#
.........# #.# #.#
######.#.# #.# #.# #
#.#.....# #.# # #.###.###
#.# # #.# .# #.# #.# .


You could see 3 killer bees, a friendly ice beast (summoned), a friendly gnoll
bouda (summoned) and 3 friendly gnolls.

Vanquished Creatures
  Maggie (D:7)
  Eustachio (D:4)
  A steam dragon (D:7)
  Edmund (D:4)
  Duvessa (D:3)
  A water moccasin (D:7)
  2 black bears (D:6)
  A sky beast (D:6)
  2 centaurs (D:5)
  An ogre (D:7)
  A kobold brigand (D:6)
  2 necrophages
  6 scorpions
  A bullfrog (D:7)
  Dowan (D:3)
  2 killer bees (D:7)
  Crazy Yiuf (D:7)
  6 hounds
  3 jellies
  2 orc priests
  Natasha (thrice) (D:4)
  4 iguanas
  An orc wizard (D:5)
  12 gnolls
  5 adders
  A shadow imp (D:7)
  2 white imps (D:6)
  2 ufetubi
  A worm (D:3)
  4 dart slugs
  15 orcs
  8 ball pythons
  5 bats
  3 endoplasms
  3 giant cockroaches
  9 hobgoblins
  3 jackals (D:2)
  6 kobolds
  3 frilled lizards
  11 goblins
  6 rats
144 creatures vanquished.

Vanquished Creatures (others)
  4 plants (D:4)
4 creatures vanquished.

Grand Total: 148 creatures vanquished

Notes
Turn   | Place    | Note
-------+----------+-------------------------------------------
     0 | D:1      | BaabKaare the Draconian Transmuter began the quest for the
                  | Orb.
     0 | D:1      | Reached XP level 1. HP: 16/16 MP: 3/3
   246 | D:1      | Reached XP level 2. HP: 11/23 MP: 3/5
   252 | D:1      | Learned a level 2 spell: Wereblood
   533 | D:1      | Reached XP level 3. HP: 28/28 MP: 3/6
   702 | D:1      | Found Vynevuiph's Distillery.
  1323 | D:2      | Learned a level 3 spell: Spider Form
  1399 | D:3      | Found a faded altar of an unknown god.
  1405 | D:3      | Prayed at the altar of an unknown god.
  1405 | D:3      | Became a worshipper of Vehumet
  1405 | D:3      | Reached * piety under Vehumet
  1405 | D:3      | Offered knowledge of Magic Dart by Vehumet.
  1432 | D:3      | Reached XP level 4. HP: 35/35 MP: 4/7
  1481 | D:3      | Found an ornate altar of the Wu Jian Council.
  1533 | D:3      | Reached skill level 1 in Stealth
  1533 | D:3      | Reached skill level 4 in Unarmed Combat
  1558 | D:3      | Reached skill level 1 in Poison Magic
  1641 | D:4      | Noticed Duvessa
  1641 | D:4      | Noticed Dowan
  1667 | D:4      | Noticed Eustachio
  1667 | D:4      | Noticed a necrophage
  1681 | D:3      | Killed Duvessa
  1682 | D:3      | Reached XP level 5. HP: 16/40 MP: 5/9
  1706 | D:3      | Reached XP level 6. HP: 43/47 MP: 5/10
  1720 | D:3      | Killed Dowan
  1950 | D:3      | Reached skill level 5 in Unarmed Combat
  1958 | D:3      | Offered knowledge of Static Discharge by Vehumet.
  2026 | D:3      | Reached ** piety under Vehumet
  2348 | D:3      | Found a shimmering blue altar of Sif Muna.
  2611 | D:3      | Learned a level 4 spell: Ice Form
  2647 | D:4      | Gained mutation: You sometimes lose your temper in combat.
                  | [mutagenic glow]
  2677 | D:4      | Killed Eustachio
  2678 | D:4      | Your scales start taking on a rich purple colour.
  2678 | D:4      | Reached XP level 7. HP: 53/53 MP: 7/13
  2787 | D:4      | Found a transporter.
  2803 | D:4      | Noticed Edmund
  2830 | D:4      | Killed Edmund
  2925 | D:4      | Found a transporter.
  3183 | D:4      | Found a staircase to the Ecumenical Temple.
  3211 | Temple   | Entered the Ecumenical Temple
  3323 | D:4      | Noticed Natasha
  3337 | D:4      | Killed Natasha
  3376 | D:5      | Entered Level 5 of the Dungeon
  3778 | D:5      | Reached skill level 6 in Unarmed Combat
  3778 | D:5      | Reached XP level 8. HP: 42/61 MP: 3/15
  3981 | D:4      | Noticed Natasha
  3988 | D:4      | Killed Natasha
  3988 | D:4      | Offered knowledge of Poisonous Vapours by Vehumet.
  3989 | D:4      | Reached skill level 5 in Spellcasting
  4323 | D:4      | Noticed Natasha
  4329 | D:4      | Killed Natasha
  4814 | D:5      | Found Ycral's Weapon Emporium.
  4815 | D:5      | Identified the +3 hand axe "Agoiviji" {flame, rElec rPois
                  | Str+7 Dex-5}
  4832 | D:5      | Reached *** piety under Vehumet
  5514 | D:6      | Reached skill level 7 in Unarmed Combat
  5637 | D:6      | Reached XP level 9. HP: 52/68 MP: 15/17
  6066 | D:6      | Offered knowledge of Olgreb's Toxic Radiance by Vehumet.
  6067 | D:6      | Reached skill level 5 in Transmutations
  6312 | D:6      | Learned a level 4 spell: Olgreb's Toxic Radiance
  6316 | D:6      | Learned a level 3 spell: Ignite Poison
  6382 | D:7      | Noticed Maggie
  6393 | D:7      | Killed Maggie
  6448 | D:7      | Reached skill level 1 in Maces & Flails
  6723 | D:7      | Found a runed translucent door.
  6724 | D:7      | Noticed Crazy Yiuf
  6734 | D:7      | Killed Crazy Yiuf
  6735 | D:7      | Reached skill level 5 in Poison Magic
  6885 | D:7      | Slain by a killer bee

Illustrated notes

Levels and vault maps discovered:
D:1:      dpeg_arrival_morbid_curiosity, layout_basic, serial_shops, shop,
          dreamdust_princess_corridor
D:2:      layout_basic
D:3:      layout_loops_ring, mainiacjoe_overflow_brackets, led_sif_book,
          nicolae_ecumenical_pavilion, minmay_misc_feat_five,
          mrwooster_statue_mirror
D:4:      gammafunk_wand_slinger, layout_basic, minmay_temple_entry_junction_2,
          uniq_natasha, uniq_edmund, uniq_duvessa, uniq_eustachio
D:5:      layout_rooms, serial_shops, nicolae_shop_bloodbath_and_beyond,
          minmay_misc_feat_roman, kennysheep_generic_room_2
D:6:      layout_basic, nicolae_underground_beach
D:7:      layout_loops_ring, uniq_maggie, uniq_crazy_yiuf_cottage
D:8:      cheibrodos_statue_roulette, layout_basic, slow_altar_2
Temple:   nicolae_temple_bog_church

Skill      XL: |  1  2  3  4  5  6  7  8  9 |
---------------+----------------------------+-----
Dodging        | 2 3 4 |  4.4
Stealth        | 1 2 3 |  3.2
Unarmed Combat | 4 5 6 7 |  7.8
Poison Magic   | 1 2 3 5 |  5.1
Spellcasting   | 3 4 5 6 |  6.2
Transmutations | 3 4 5 |  5.4
Fighting       | 2 |  2.6
Maces & Flails | 1 |  1.0
Ice Magic      | |  0.4

Action                   |  1- 3 |  4- 6 |  7- 9 || total
-------------------------+-------+-------+-------++-------
Melee: Unarmed           |   118 |   113 |   234 ||   465
       Tailslap          |    16 |     4 |     4 ||    24
       Kick              |     8 |     8 |       ||    16
       Headbutt          |     1 |     2 |       ||     3
       Flail             |       |       |     5 ||     5
 Cast: Beastly Appendage |     8 |     4 |       ||    12
       Wereblood         |    14 |     1 |       ||    15
       Spider Form       |     2 |    15 |    45 ||    62
       Ice Form          |       |     1 |     1 ||     2
       Ignite Poison     |       |       |     2 ||     2
  Use: Potion            |       |     4 |       ||     4
       Scroll            |       |       |     9 ||     9
 Stab: Sleeping          |     1 |     1 |     8 ||    10
Armor: Skin              |    40 |    20 |    52 ||   112
Dodge: Dodged            |    70 |   102 |   244 ||   416

Table legend: (Time is in decaauts)
 A = Elapsed time spent in this place.
 B = Non-inter-level travel time spent in this place.
 C = Inter-level travel time spent in this place.
 D = Time resting spent in this place.
 E = Time spent auto-exploring this place.
 F = Levels seen in this place.
 G = Mean time per level.
                   A        B        C        D        E       F      G
               +--------+--------+--------+--------+--------+-----+--------+
         Total |   6963 |   6915 |     48 |   1636 |   1066 |   9 |  773.7 |
       Dungeon |   6874 |   6826 |     48 |   1636 |   1066 |   8 |  859.2 |
        Temple |     89 |     89 |      0 |      0 |      0 |   1 |   89.0 |
               +--------+--------+--------+--------+--------+-----+--------+

Top non-repeatable levels by time:
     D:4: 1585 daAuts
     D:6: 1276 daAuts
     D:3: 1273 daAuts
     D:1: 844 daAuts
     D:5: 791 daAuts
     D:7: 587 daAuts
     D:2: 491 daAuts
  Temple: 89 daAuts
     D:8: 23 daAuts
